 Dungeon Crawl Stone Soup version 0.29-a0-330-g52719c12eb (webtiles) character file.

Game seed: 16187452905531162378

3980 tilp the Fighter (level 10, -2/92 HPs)
             Began as a Demonspawn Fighter on Apr 29, 2022.
             Was a Believer of Qazlal.
             Slain by Prince Ribbit (7 damage)
             ... on level 9 of the Dungeon.
             The game lasted 00:12:17 (9557 turns).

tilp the Fighter (Demonspawn Fighter)               Turns: 9557, Time: 00:12:18

Health: -2/92      AC:  7    Str: 21    XL:     10   Next: 2%
Magic:  11/11      EV: 10    Int: 12    God:    Qazlal [**....]
Gold:   381        SH: 12    Dex: 12    Spells: 9/9 levels left

rFire   . . .      SeeInvis +   a - +1 flail
rCold   + . .      Faith    .   x - +1 buckler of Inviolability {rPois Will+ Int+2}
rNeg    . . .      Spirit   .   e - +3 ring mail {rC+}
rPois   +          Reflect  .   (no helmet)
rElec   .          Harm     .   d - +0 cloak
rCorr   .          Rampage  .   w - +1 pair of gloves
Will    +....                   (no boots)
Stlth   +.........              (no amulet)
HPRegen 0.25/turn               r - ring of see invisible
MPRegen 0.12/turn               (no ring)

@: corroded
A: icy blue scales 2, spiny 2, condensation shield, weakness stinger 1
a: Renounce Religion, Upheaval


You were on level 9 of the Dungeon.
You worshipped Qazlal.
Qazlal was pleased with you.
You visited 1 branch of the dungeon, and saw 9 of its levels.
You also visited: Sewer.

You collected 510 gold pieces.
You spent 129 gold pieces at shops.

Inventory:

Hand Weapons
 a - a +1 flail (weapon)
Missiles
 g - 321 stones
 l - 10 poisoned darts (quivered)
 E - 5 boomerangs
Armour
 d - a +0 cloak (worn)
 e - a +3 ring mail of cold resistance (worn)
 w - a +1 pair of gloves (worn)
 x - the +1 buckler of Inviolability (worn) {rPois Will+ Int+2}
   (You acquired it on level 5 of the Dungeon)

   Int:       It affects your intelligence (+2).
   rPois:     It protects you from poison.
   Will:      It increases your willpower.
Jewellery
 h - an amulet of faith
 r - a ring of see invisible (left hand)
 v - a ring of magical power
Wands
 j - a wand of iceblast (2)
 o - a wand of polymorph (8)
 s - a wand of acid (16)
 y - a wand of flame (12)
Scrolls
 c - 3 scrolls of vulnerability
 f - 2 scrolls of fear
 i - 2 scrolls of fog
 m - 7 scrolls of teleportation
 z - a scroll of blinking
 B - 2 scrolls of identify
 D - 2 scrolls of immolation
Potions
 b - 2 potions of attraction
 k - 5 potions of curing
 n - a potion of invisibility
 p - a potion of mutation
 q - a potion of cancellation
 t - a potion of lignification
 A - 5 potions of flight
 C - 2 potions of brilliance


   Skills:
 - Level 13.0 Fighting
 * Level 4.8 Maces & Flails
 + Level 3.2 Armour
 + Level 1.5 Dodging
 + Level 3.2 Shields
 + Level 2.4 Invocations
 + Level 1.8 Evocations


You had 9 spell levels left.
You didn't know any spells.
Your spell library contained the following spells:

 Spells                   Type           Power      Damage    Failure   Level
 Static Discharge         Conj/Air       0%         N/A       71%         2
 Stone Arrow              Conj/Erth      0%         3d7       91%         3
 Animate Armour           Summ/Erth      0%         N/A       100%        4
 Lightning Bolt           Conj/Air       0%         1d11      100%        5
 Lehudib's Crystal Spear  Conj/Erth      0%         10d2      100%        8
 Maxwell's Capacitive Co  Air            0%         ∞         100%        8


Dungeon Overview and Level Annotations

Branches:
Dungeon (9/15)             Temple (0/1) D:5           Sewer (visited)
   Lair: D:8-11         Orc: D:9-12

Altars:
Qazlal
Xom

Shops:
D:3 *

Annotations:
D:9 Prince Ribbit


Innate Abilities, Weirdness & Mutations

You are mostly covered in icy blue scales. (AC +3)
You are mostly covered in sharp spines.
A meltable shield of frost defends you. (SH +4)
You have a small tail.


Message History

The orc wizard casts a spell at you. The magic dart hits you!
* * * LOW HITPOINT WARNING * * *
Unknown command.
You hit the acid dragon but do no damage.
The acid dragon is almost dead.
The acid dragon spits acid at you. The splash of acid hits you!
* * * LOW HITPOINT WARNING * * *
The acid corrodes you!
The orc wizard is struck by your spines.
The orc wizard barely misses you.
You closely miss the acid dragon.
Your tail-slap misses the acid dragon.
The acid dragon is almost dead.
The acid dragon bites you but does no damage.
The acid dragon closely misses you. You block the orc wizard's attack.
Prince Ribbit hops awkwardly around.
Unknown command.
You sock the acid dragon!
You kill the acid dragon!
Qazlal accepts your kill.
The acid dragon scales are intact enough to wear.
You have reached level 10!
Your demonic ancestry asserts itself...
Sharp spines emerge from more of your body.
You hit the orc.
The orc is moderately wounded.
The orc wizard casts a spell at you. The magic dart hits you.
* * * LOW HITPOINT WARNING * * *
You block the orc's attack.
Unknown command.
The orc attacks as you move away! The orc misses you.
The orc is struck by lightning.
You kill the orc!
Qazlal accepts your kill. Prince Ribbit attacks as you move away!
Prince Ribbit is struck by your spines.
Prince Ribbit hits you but does no damage.
Prince Ribbit is struck by your spines. Prince Ribbit hits you!
You die...

....... .......
##....... ##
##o)......
#.###.o#
#.#...##
##...##
######.oF##
.......@##
######...###
###...## ###
##...###.##
##.......## #
###......## #
##........## ##
#..........###.
#...........#..


You could see Prince Ribbit, an orc wizard and 2 orcs.

Vanquished Creatures
  Psyche (D:9)
  A shadow (D:9)
  Eustachio (D:5)
  A wyvern (D:9)
  An acid dragon (D:9)
  3 water moccasins
  An orc warrior (D:9)
  A sky beast (D:7)
  An ice beast (D:5)
  2 ogres (D:5)
  3 black bears
  A centaur (D:8)
  3 phantoms
  3 bullfrogs
  A scorpion (D:6)
  3 necrophages
  3 wights (D:7)
  9 killer bees (D:8)
  2 howler monkeys
  2 hounds
  A jelly (D:7)
  5 orc priests
  A gnoll shaman (D:5)
  3 iguanas
  3 orc wizards
  5 gnolls (D:5)
  13 adders
  3 river rats (Sewer)
  A shadow imp (D:6)
  2 white imps
  An ufetubus (D:6)
  3 worms
  3 dart slugs (D:1)
  20 orcs
  11 endoplasms
  7 giant cockroaches
  6 goblins
  7 hobgoblins
  5 jackals
  4 quokkas
  16 ball pythons
  12 bats
  4 frilled lizards
  8 kobolds
  3 rats (D:1)
190 creatures vanquished.

Notes
Turn   | Place    | Note
-------+----------+-------------------------------------------
     0 | D:1      | tilp the Demonspawn Fighter began the quest for the Orb.
     0 | D:1      | Reached XP level 1. HP: 18/18 MP: 1/1
   143 | D:1      | Gained mutation: You are partially covered in icy blue
                  | scales. (AC +2) [demonic ancestry]
   143 | D:1      | Reached XP level 2. HP: 22/24 MP: 2/2
   220 | D:1      | Reached skill level 4 in Fighting
   344 | D:1      | Gained mutation: You have a small tail. [demonic ancestry]
   344 | D:1      | Reached XP level 3. HP: 25/30 MP: 3/3
  1027 | D:2      | Gained mutation: You are mostly covered in icy blue scales.
                  | (AC +3) [demonic ancestry]
  1027 | D:2      | Reached XP level 4. HP: 36/38 MP: 4/4
  1590 | D:3      | Found Fofruiji's Assorted Antiques.
  1731 | D:3      | Bought a scroll labelled GEGIZ NUULE for 22 gold pieces
  1731 | D:3      | Bought a puce potion for 19 gold pieces
  1731 | D:3      | Bought a scroll labelled MISUSI BOTO for 22 gold pieces
  1731 | D:3      | Bought a scroll labelled MISUSI BOTO for 22 gold pieces
  2541 | D:3      | Bought a scroll of identify for 44 gold pieces
  2780 | D:4      | Reached XP level 5. HP: 24/43 MP: 5/5
  2781 | D:4      | Reached skill level 5 in Fighting
  3315 | D:4      | You fall into a shaft and drop 3 floors!
  3690 | D:7      | Gained mutation: A meltable shield of frost defends you.
                  | (SH +4) [demonic ancestry]
  3690 | D:7      | Reached XP level 6. HP: 51/51 MP: 6/6
  3737 | D:7      | Reached skill level 6 in Fighting
  3863 | D:7      | Found a stormy altar of Qazlal.
  3872 | D:7      | Became a worshipper of Qazlal Stormbringer
  4243 | D:6      | Reached skill level 7 in Fighting
  4243 | D:6      | Reached XP level 7. HP: 60/60 MP: 7/7
  4909 | D:5      | Entered Level 5 of the Dungeon
  4936 | D:5      | Reached skill level 8 in Fighting
  5228 | D:5      | Reached skill level 9 in Fighting
  5228 | D:5      | Reached XP level 8. HP: 33/71 MP: 8/8
  5254 | D:5      | Found a staircase to the Ecumenical Temple.
  5327 | D:5      | Reached * piety under Qazlal
  5338 | D:5      | Found a glowing drain.
  5342 | Sewer    | Entered a sewer
  5706 | Sewer    | Reached skill level 10 in Fighting
  6382 | D:5      | Noticed Eustachio
  6397 | D:5      | Killed Eustachio
  6527 | D:5      | Reached skill level 11 in Fighting
  6742 | D:5      | Identified a scroll of acquirement
  6742 | D:5      | Acquired the +1 buckler of Inviolability {rPois Will+
                  | Int+2}
  7333 | D:4      | Gained mutation: You are partially covered in sharp spines.
                  | [demonic ancestry]
  7333 | D:4      | Reached XP level 9. HP: 72/81 MP: 9/9
  7622 | D:6      | Reached ** piety under Qazlal
  8081 | D:7      | Reached skill level 12 in Fighting
  8339 | D:7      | Found a shimmering altar of Xom.
  8656 | D:8      | Noticed Maggie
  8657 | D:8      | Noticed Maggie
  8657 | D:8      | Maggie changed into Maggie the killer bee
  8660 | D:8      | Killed Maggie the killer bee
  9003 | D:8      | Reached skill level 13 in Fighting
  9196 | D:9      | Noticed Psyche
  9269 | D:9      | Reached skill level 1 in Invocations
  9362 | D:9      | Reached skill level 1 in Dodging
  9362 | D:9      | Reached skill level 1 in Evocations
  9369 | D:9      | Killed Psyche
  9541 | D:9      | Noticed Prince Ribbit
  9548 | D:9      | HP: 4/85 [acid dragon (2)]
  9553 | D:9      | Gained mutation: You are mostly covered in sharp spines.
                  | [demonic ancestry]
  9553 | D:9      | Reached XP level 10. HP: 9/92 MP: 11/11
  9553 | D:9      | HP: 4/92 [orc wizard/magic dart (5)]
  9557 | D:9      | Slain by Prince Ribbit

Illustrated notes

Levels and vault maps discovered:
D:1:      denvon_arrival_hothouse, layout_rooms, minmay_split_cup_large
D:2:      cheibrodos_helix_gallery, layout_loops_ring, grunt_decor_clamped,
          minmay_heptomino_d4
D:3:      layout_loops_ring, serial_shops, shop
D:4:      layout_loops_ring, hangedman_decor_push
D:5:      layout_rooms, temple_fountains, gup_sewer_entry_bowl, uniq_eustachio
D:6:      layout_loops_corners
D:7:      layout_loops_ring, mainiacjoe_overflow_24_doors, marbit_many_paths,
          minivault_1
D:8:      layout_loops_cross, uniq_maggie
D:9:      layout_cave_pods, uniq_psyche, uniq_joseph, uniq_prince_ribbit1

Skill      XL: |  1  2  3  4  5  6  7  8  9 |
---------------+----------------------------+-----
Fighting       | 4 5 7 9 11 13 | 13.0
Maces & Flails | 2 3 4 |  4.8
Invocations    | 2 |  2.4
Armour         | 3 |  3.2
Dodging        | 1 |  1.5
Shields        | 3 |  3.2
Evocations     | 1 |  1.8

Action                   |  1- 3 |  4- 6 |  7- 9 | 10-12 || total
-------------------------+-------+-------+-------+-------++-------
Melee: Flail             |    91 |   160 |   419 |     1 ||   671
       Tailslap          |     3 |    22 |    48 |       ||    73
Throw: Dart              |       |     6 |       |       ||     6
Evoke: Wand              |       |       |     1 |       ||     1
  Use: Scroll            |     3 |     8 |    10 |       ||    21
       Potion            |       |     2 |     2 |       ||     4
Armor: Scale mail        |    54 |    37 |       |       ||    91
       Ring mail         |       |    38 |   179 |     1 ||   218
Dodge: Dodged            |    34 |    59 |   176 |     1 ||   270
Block: Buckler           |    18 |    39 |   275 |     1 ||   333

Table legend: (Time is in decaauts)
 A = Elapsed time spent in this place.
 B = Non-inter-level travel time spent in this place.
 C = Inter-level travel time spent in this place.
 D = Time resting spent in this place.
 E = Time spent auto-exploring this place.
 F = Levels seen in this place.
 G = Mean time per level.
                   A        B        C        D        E       F      G
               +--------+--------+--------+--------+--------+-----+--------+
         Total |   9935 |   9384 |    551 |   1348 |   6168 |  10 |  993.5 |
       Dungeon |   8921 |   8370 |    551 |   1248 |   5627 |   9 |  991.2 |
         Sewer |   1013 |   1013 |      0 |    100 |    541 |   1 | 1013.0 |
               +--------+--------+--------+--------+--------+-----+--------+

Top non-repeatable levels by time:
     D:7: 1536 daAuts
     D:6: 1436 daAuts
     D:5: 1160 daAuts
     D:3: 1040 daAuts
   Sewer: 1013 daAuts
     D:4: 988 daAuts
     D:2: 899 daAuts
     D:8: 872 daAuts
     D:1: 673 daAuts
     D:9: 312 daAuts
